 Dungeon Crawl Stone Soup version 0.17-a0-546-g92f1a90 (webtiles) character file.

69 Espgualade the Skirmisher (level 4, 0/29 HPs)
             Began as a Tengu Ice Elementalist on Apr 13, 2015.
             Slain by a kobold
             ... wielding a +0 short sword
              (2 damage)
             ... on level 2 of the Dungeon.
             The game lasted 00:04:54 (2504 turns).

Espgualade the Skirmisher (Tengu Ice Elementalist)  Turns: 2504, Time: 00:04:54

Health: 0/29       AC:  2    Str:  9    XL:     4   Next: 20%
Magic:  8/8        EV: 12    Int: 16    God:
Gold:   60         SH:  0    Dex: 14    Spells: 3 memorised, 1 level left

rFire  . . .     SeeInvis .     h - +0 hand axe
rCold  . . .     Clarity  .     a - +0 robe
rNeg   . . .     SustAb   .     (no shield)
rPois  .         Gourm    .     (helmet restricted)
rElec  .         Spirit   .     (no cloak)
rCorr  .         Warding  .     (no gloves)
rMut   .         Stasis   .     (boots unavailable)
MR     .....                    (no amulet)
Stlth  ++........               (no ring)
                                (no ring)

@: not resistant to hostile enchantments, unstealthy
A: beak, talons 3
a: no special abilities


You were on level 2 of the Dungeon.
You were not hungry.

You visited 1 branch of the dungeon, and saw 2 of its levels.

You collected 60 gold pieces.

Inventory:

Hand weapons
 h - a +0 hand axe (weapon)
Armour
 a - a +0 robe (worn)
Scrolls
 i - a scroll of random uselessness {unknown}
 j - a scroll of enchant armour {unknown}
Books
 b - a book of Frost

   Spells                             Type                      Level
   a - Freeze                         Ice                          1
   b - Throw Frost                    Conjuration/Ice              2
   c - Ozocubu's Armour               Charms/Ice                   3
   d - Throw Icicle                   Conjuration/Ice              4
   e - Summon Ice Beast               Ice/Summoning                4
   f - Condensation Shield            Ice                          4
Comestibles
 c - a bread ration
 f - a meat ration


   Skills:
 + Level 3.7 Fighting
 - Level 2.1 Dodging
 - Level 2.0 Stealth
 - Level 2.0 Spellcasting
 - Level 1.3 Conjurations
 - Level 2.6 Ice Magic


You had one spell level left.
You knew the following spells:

 Your Spells              Type           Power        Failure   Level  Hunger
a - Freeze                Ice            ##..         10%         1    #......
b - Throw Frost           Conj/Ice       #.....       14%         2    ###....
c - Ozocubu's Armour      Chrm/Ice       #.......     38%         3    ###....


Dungeon Overview and Level Annotations

Branches:
Dungeon (2/15)

Altars:
Ashenzari

Annotations:
D:2 Robin


Innate Abilities, Weirdness & Mutations

You have a beak for a mouth.
You have claws for feet.


Message History

The gnoll closely misses you.
Read which item? (? for menu, Esc to quit)
As you read the scroll labeled FOTUMI YSCHOTE, it crumbles to dust.
You feel aware of your surroundings.
It was a scroll of magic mapping.
The kobold hits you with a short sword.
* * * LOW HITPOINT WARNING * * *
Read which item? (? for menu, Esc to quit)
As you read the scroll labeled CISTATH KAATAZ, it crumbles to dust.
It is a scroll of identify.
Identify which item? (\ to view known items) (? for menu, Esc to quit)
m - a scroll of fog The gnoll closely misses you.
The kobold hits you with a short sword.
* * * LOW HITPOINT WARNING * * *
The gnoll hits you with a club.
* * * LOW HITPOINT WARNING * * *
Read which item? (? for menu, Esc to quit)
As you read the scroll of fog, it crumbles to dust.
The scroll dissolves into smoke.
The gnoll closely misses you. The kobold hits you with a short sword.
You die...

***,,,,,,****######..>..# #.##
**,,,,** #..._..#####... **,,,*
###..#......##.#. ***,**
#....#........... *..#**
#.##.##..##......
**...#####.##.....#*###..#
**#....##§##.##.## #..#
**##§Kg§§..##.# #..#
**#########.§g@§§.###.#* *#..*
*,....<..(..§###§...#..* *,,,*
*............###.##.##.##**,,,*
*........†.)..##.......).,,,*,*
*........####..#(.##.#.##****,*
**######.* ##.....#.#,#* *,*
**,,**#.****##..#.#..,,* *,*
*,,,,,..*,,,,...#.#*!.,*****,*
*,,,,*##,,,,.......,..,,,,,,,*


You could see 2 gnolls and a kobold.

Vanquished Creatures
  2 gnolls
  A worm (D:2)
  A ball python (D:1)
  7 bats
  8 hobgoblins
  7 kobolds
  A giant cockroach (D:1)
  8 goblins
  5 jackals
  4 rats (D:1)
44 creatures vanquished.

Notes
Turn   | Place    | Note
--------------------------------------------------------------
     0 | D:1      | Espgualade, the Tengu Ice Elementalist, began the quest for the Orb.
     0 | D:1      | Reached XP level 1. HP: 10/10 MP: 4/4
    72 | D:1      | Reached skill level 1 in Fighting
    72 | D:1      | Reached XP level 2. HP: 2/17 MP: 3/6
   898 | D:1      | Reached XP level 3. HP: 12/22 MP: 4/7
  1782 | D:1      | Learned a level 2 spell: Throw Frost
  1786 | D:1      | Learned a level 3 spell: Ozocubu's Armour
  1800 | D:2      | Reached skill level 3 in Fighting
  2182 | D:2      | Noticed Robin
  2428 | D:2      | Found a shattered altar of Ashenzari.
  2453 | D:2      | Reached XP level 4. HP: 24/28 MP: 6/8
  2504 | D:2      | Slain by a kobold

Action                   |  1- 3 |  4- 6 || total
-------------------------+-------+-------++-------
Melee: Unarmed           |    12 |       ||    12
       Hand axe          |    83 |    12 ||    95
 Cast: Freeze            |    29 |     1 ||    30
       Ozocubu's Armour  |     1 |       ||     1
  Use: Potion            |     3 |       ||     3
       Scroll            |       |     4 ||     4
 Stab: Sleeping          |     2 |       ||     2
  Eat: Chunk             |     4 |       ||     4
       Bread ration      |     1 |       ||     1
